 Dungeon Crawl Stone Soup version 0.28.0 (webtiles) character file.

Game seed: 15843626495102852674

39 rageheart7 the Cudgeller (level 3, 0/29 HPs)
             Began as a Demonspawn Gladiator on Feb 16, 2022.
             Was a Believer of Lugonu.
             Succumbed to a goblin's poison
             ... on level 2 of the Dungeon.
             The game lasted 00:02:04 (993 turns).

rageheart7 the Cudgeller (Demonspawn Gladiator)      Turns: 993, Time: 00:02:04

Health: 0/29       AC:  8    Str: 16    XL:     3   Next: 26%
Magic:  3/3        EV: 11    Int:  9    God:    Lugonu [**....]
Gold:   65         SH:  4    Dex: 14    Spells: 2/2 levels left

rFire   . . .      SeeInvis .   a - +0 flail
rCold   . . .      Faith    .   (no shield)
rNeg    . . .      Spirit   .   f - +0 ring mail
rPois   .          Reflect  .   c - +0 helmet
rElec   .          Harm     .   (no cloak)
rCorr   .          Rampage  .   (no gloves)
Will    .....                   b - +1 pair of boots
Stlth   +.........              (no amulet)
HPRegen 0.09/turn               (no ring)
MPRegen 0.08/turn               (no ring)

@: lethally poisoned (0 -> -5)
A: large bone plates 1
a: Renounce Religion, Depart the Abyss, Bend Space


You were on level 2 of the Dungeon.
You worshipped Lugonu.
Lugonu was pleased with you.
You visited 1 branch of the dungeon, and saw 2 of its levels.

You collected 65 gold pieces.

Inventory:

Hand Weapons
 a - a +0 flail (weapon)
Missiles
 d - 3 throwing nets (quivered)
Armour
 b - a +1 pair of boots (worn)
 c - a +0 helmet (worn)
 f - a +0 ring mail (worn)
Scrolls
 e - a scroll of vulnerability {unknown}
 g - a scroll of fog {unknown}
 i - a scroll of silence {unknown}
 j - a scroll of teleportation {unknown}
 k - a scroll of brand weapon {unknown}


   Skills:
 * Level 3.0 Fighting
 * Level 3.4 Maces & Flails
 - Level 1.7 Throwing
 - Level 2.6 Dodging


You had 2 spell levels left.
You didn't know any spells.
Your spell library was empty.

Dungeon Overview and Level Annotations

Branches:
Dungeon (2/15)

Altars:
Lugonu

Annotations:
D:2 Robin


Innate Abilities, Weirdness & Mutations

You are partially covered in large bone plates. (SH +4)


Message History

The goblin is heavily wounded.
You flicker back into view.
Robin throws the goblin at you! The goblin hits you but does no damage.
You are poisoned.
The goblin closely misses you.
You hit the goblin.
You kill the goblin!
Lugonu accepts your kill.
You feel sick.
The hobgoblin no longer looks unusually strong.
The goblin hits you with a +0 dagger of venom.
Robin throws the goblin at you! The goblin hits you but does no damage.
Your Fighting skill increases to level 3!
You barely miss the goblin.
The goblin is heavily wounded.
You feel sick.
The goblin no longer looks unusually strong.
The goblin hits you with a +0 club. The goblin hits you but does no damage.
You are more poisoned.
You hit the goblin.
You kill the goblin!
Lugonu accepts your kill.
You feel very sick. The goblin closely misses you.
You sock the goblin!
You kill the goblin!
Lugonu accepts your kill.
You feel sick. The goblin hits you with a +0 club.
* * * LOW HITPOINT WARNING * * *
You aren't carrying any potions.
You aren't carrying any potions.
You closely miss the goblin.
* * * LOW HITPOINT WARNING * * *
You feel very sick.
The goblin no longer looks unusually strong.
Robin roars a battlecry!
The goblins go into a battle-frenzy!
You block the goblin's attack.
You closely miss the goblin.
You die...

...(#......# #.
#........# ..... .. #...#
.#..#. ##.# ###...####
......#####.. #........#
#.......#...# #........#
............# #........#
........#...####........#
........#...)@gKg.......#
............####g.......#
........#...# #........#
........#)..# #........#
........#...# #........#
........#...# ##..######
........#...# #.##
........######## .##
........####...#...#


You could see Robin, a hobgoblin (strong), a goblin (strong) and a kobold.

Vanquished Creatures
  3 ball pythons (D:1)
  An endoplasm (D:1)
  2 giant cockroaches (D:1)
  12 goblins
  5 hobgoblins
  2 kobolds (D:1)
  A quokka (D:1)
  2 bats (D:1)
  3 frilled lizards
  5 rats (D:1)
36 creatures vanquished.

Notes
Turn   | Place    | Note
-------+----------+-------------------------------------------
     0 | D:1      | rageheart7 the Demonspawn Gladiator began the quest for the
                  | Orb.
     0 | D:1      | Reached XP level 1. HP: 16/16 MP: 1/1
   304 | D:1      | Gained mutation: You are partially covered in large bone
                  | plates. (SH +4) [demonic ancestry]
   304 | D:1      | Reached XP level 2. HP: 20/23 MP: 2/2
   554 | D:1      | Found a faded altar of an unknown god.
   567 | D:1      | Prayed at the altar of an unknown god.
   567 | D:1      | Became a worshipper of Lugonu the Unformed
   567 | D:1      | Reached * piety under Lugonu
   567 | D:1      | Reached ** piety under Lugonu
   957 | D:2      | Noticed Robin
   970 | D:2      | Reached XP level 3. HP: 28/28 MP: 3/3
   992 | D:2      | HP: 1/29 [poisoned by a goblin]
   993 | D:2      | Succumbed to a goblin's poison

Illustrated notes

Levels and vault maps discovered:
D:1:      minmay_arrival_four_houses, layout_loops_ring,
          hellmonk_ecumenical_altar_run_dry
D:2:      layout_rooms, uniq_robin

Skill      XL: |  1  2  3 |
---------------+----------+-----
Maces & Flails | 3 |  3.4
Fighting       | 3 |  3.0
Throwing       | |  1.7
Dodging        | |  2.6

Action                   || total
-------------------------++-------
Melee: Flail             ||    95
       Punch             ||     1
  Use: Potion            ||     1
 Stab: Invisible         ||     4
Armor: Leather armour    ||     5
       Ring mail         ||    26
Dodge: Dodged            ||    56
Block: Other             ||    17
